 Dungeon Crawl Stone Soup version 0.28.0-47-ge53b351184 (webtiles) character file.

Game seed: 13483701747736974790

10 NinjaNoafa the Magician (level 2, 16/20 HPs)
             Began as a Draconian Wanderer on May 5, 2022.
             Quit the game on level 1 of the Dungeon.
             The game lasted 00:01:23 (466 turns).

NinjaNoafa the Magician (Draconian Wanderer)         Turns: 466, Time: 00:01:24

Health: 16/20      AC:  4    Str: 13    XL:     2   Next: 10%
Magic:  6/6        EV: 11    Int: 12    God:
Gold:   0          SH:  4    Dex: 11    Spells: 7/7 levels left

rFire   . . .      SeeInvis .   a - +0 hand axe
rCold   . . .      Faith    .   b - +0 buckler
rNeg    . . .      Spirit   .   (armour unavailable)
rPois   .          Reflect  .   (helmet restricted)
rElec   .          Harm     .   (no cloak)
rCorr   .          Rampage  .   (no gloves)
Will    .....                   (no boots)
Stlth   +.........              (no amulet)
HPRegen 0.06/turn               (no ring)
MPRegen 0.10/turn               (no ring)

@: no status effects
A: AC +4, unfitting armour, cold-blooded
a: no special abilities


You were on level 1 of the Dungeon.
You visited 1 branch of the dungeon, and saw 1 of its levels.

Inventory:

Hand Weapons
 a - a +0 hand axe (weapon)
Missiles
 c - 33 stones (quivered)
Armour
 b - a +0 buckler (worn)
Scrolls
 d - a scroll of identify {unknown}


   Skills:
 + Level 1.2 Axes
 - Level 1.0 Throwing
 + Level 1.2 Dodging
 + Level 2.1 Shields
 + Level 3.1 Spellcasting
 + Level 0.5 Earth Magic
 - Level 1.0 Evocations


You had 7 spell levels left.
You didn't know any spells.
Your spell library contained the following spells:

 Spells                   Type           Power      Damage    Failure   Level
 Sandblast                Erth           6%         2d5       26%         1
 Apportation              Tloc           2%         N/A       32%         1
 Confusing Touch          Hex            1%         N/A       67%         3
 Mephitic Cloud           Conj/Pois/Air  1%         N/A       67%         3


Dungeon Overview and Level Annotations

Branches:
Dungeon (1/15)

Altars:


Innate Abilities, Weirdness & Mutations

Your plain brown scales are hard. (AC +4)
You cannot fit into any form of body armour.
You are cold-blooded and may be slowed by cold attacks.


Message History

There is an open door here.
You open the door.
There is an open door here.
There is an open door here.
You open the door.
There is an open door here.
You open the door.
A hobgoblin and a rat come into view.
Found a green potion.
The hobgoblin shouts!
There is an open door here.
The hobgoblin hits you.
You closely miss the hobgoblin.
The hobgoblin hits you but does no damage.
You hit the hobgoblin.
You kill the hobgoblin!
You hit the rat.
You kill the rat!
No target in view!
No target in view!
No target in view!
No target in view!
No target in view!
You see here a rat corpse.
A goblin comes into view. It is wielding a +0 dagger.
A goblin is nearby!
Found a ring mail.
You closely miss the goblin. The goblin hits you but does no damage.
You closely miss the goblin. The goblin hits you but does no damage.
You closely miss the goblin. You block the goblin's attack.
The goblin hits you but does no damage.
You barely miss the goblin. The goblin hits you with a +0 dagger.
You hit the goblin but do no damage.
Your tail-slap misses the goblin.
The goblin hits you with a +0 dagger.
You hit the goblin.
The goblin is moderately wounded.
The goblin hits you but does no damage.
Are you sure you want to abandon this character and quit the game? (Confirm with "yes".)
Okay, then.
Are you sure you want to abandon this character and quit the game? (Confirm with "yes".)

##...#####...# #....
##.........##
#....#.####'#######'##
#....#................
#....#####.####.......
###....#####'###########
.................... #..
...........†........ #.#
[.....g@............ #
...........#+#######
...........#
........!..#
############


You could see a goblin.

Vanquished Creatures
  A ball python (D:1)
  2 bats (D:1)
  A goblin (D:1)
  2 hobgoblins (D:1)
  A quokka (D:1)
  A frilled lizard (D:1)
  A rat (D:1)
9 creatures vanquished.

Notes
Turn   | Place    | Note
-------+----------+-------------------------------------------
     0 | D:1      | NinjaNoafa the Draconian Wanderer began the quest for the
                  | Orb.
     0 | D:1      | NinjaNoafa set off with the following items: a +0 hand axe,
                  | a +0 buckler, 33 stones; and the following spells available
                  | to memorise: Apportation, Sandblast, Confusing Touch,
                  | Mephitic Cloud
     0 | D:1      | Reached XP level 1. HP: 14/14 MP: 4/4
   263 | D:1      | Reached XP level 2. HP: 15/20 MP: 6/6
   466 | D:1      | Quit the game

Illustrated notes

Levels and vault maps discovered:
D:1:      roderic_octagonal_star, layout_basic,
          shapermc_ecumenical_altar_pompeii

Action                   || total
-------------------------++-------
Melee: Hand axe          ||    37
       Tailslap          ||     1
Armor: Skin              ||    26
Dodge: Dodged            ||    25
Block: Buckler           ||     6
